 Dungeon Crawl Stone Soup version 0.26-a0-43-g20b394cb32 (webtiles) character file.

Game seed: 16365345403920623272

12345 Harbin the Frost Mage (level 11, -8/84 HPs)
             Began as a Merfolk Ice Elementalist on May 31, 2020.
             Was an Elder of Sif Muna.
             Mangled by Rupert
             ... wielding a +0 vorpal battleaxe
              (19 damage)
             ... on level 12 of the Dungeon on June 2, 2020.
             The game lasted 02:58:02 (11569 turns).

Harbin the Frost Mage (Merfolk Ice Elementalist)   Turns: 11569, Time: 02:58:03

Health: -8/84      AC: 18    Str: 14    XL:     11   Next: 91%
Magic:  19/30      EV: 16    Int: 16    God:    Sif Muna [****..]
Gold:   532        SH:  0    Dex: 14    Spells: 5/23 levels left

rFire    . . .     SeeInvis .   g - +6 dagger (venom)
rCold    + . .     Gourm    .   (no shield)
rNeg     . . .     Faith    .   l - +0 troll leather armour
rPois    +         Spirit   .   B - +2 helmet "Kushrarpha" {rPois rC+ MR+ Str+3}
rElec    .         Reflect  .   w - +2 cloak {rCorr}
rCorr    +         Harm     .   (no gloves)
MR       +....                  H - +0 pair of boots
Stlth    +++.......             (no amulet)
HPRegen  0.64/turn              y - +4 ring of slaying
MPRegen  0.22/turn              s - ring of magical power

@: icy armour, frozen ramparts, lightly drained
A: change form in water, swift swim, stealthy swim
a: Channel Magic, Forget Spell, Divine Exegesis, Renounce Religion


You were on level 12 of the Dungeon.
You worshipped Sif Muna.
Sif Muna was greatly pleased with you.
You were not hungry.

You visited 2 branches of the dungeon, and saw 13 of its levels.

You collected 789 gold pieces.
You spent 257 gold pieces at shops.

Inventory:

Hand Weapons
 a - a +0 spear
 e - a +0 trident
 f - a +3 quarterstaff of chaos
 g - a +6 dagger of venom (weapon)
 j - a +0 spear
 r - a +0 scythe
 D - a +0 rapier
 K - a +0 halberd
Missiles
 E - 13 boomerangs (quivered)
Armour
 h - a +2 leather armour of fire resistance
 l - a +0 troll leather armour (worn)
 w - a +2 cloak of preservation (worn)
 B - the +2 helmet "Kushrarpha" (worn) {rPois rC+ MR+ Str+3}
   (You bought it in a shop on level 5 of the Dungeon)

   It affects your strength (+3).
   It protects you from cold.
   It protects you from poison.
   It affects your resistance to hostile enchantments.
 H - a +0 pair of boots (worn)
Jewellery
 d - a +4 ring of evasion
 m - an uncursed ring of protection from cold
 s - a ring of magical power (right hand)
 y - a +4 ring of slaying (left hand)
Wands
 o - a wand of flame (16)
 u - a wand of iceblast (7)
 F - a wand of clouds (3)
Scrolls
 i - 9 scrolls of teleportation
 n - 7 scrolls of remove curse
 q - a scroll of magic mapping
 v - a scroll of fear
 x - 2 scrolls of immolation
 z - 2 scrolls of identify
 O - a scroll of amnesia
Potions
 b - 2 potions of cancellation
 k - 3 potions of heal wounds
 p - a potion of lignification {unknown}
 t - 3 potions of curing
 C - 3 potions of flight
 I - a potion of stabbing
 L - a potion of haste
Comestibles
 c - 27 rations


   Skills:
 - Level 7.0(6.7) Fighting
 + Level 7.6(7.3) Short Blades
 - Level 3.0(2.7) Armour
 + Level 8.2(7.9) Dodging
 + Level 7.0(6.7) Stealth
 + Level 6.8(6.5) Spellcasting
 - Level 5.0(4.7) Conjurations
 + Level 3.6(3.3) Charms
 + Level 3.5(3.2) Summonings
 + Level 9.1(8.7) Ice Magic
 + Level 4.3(4.0) Invocations


You had 5 spell levels left.
You knew the following spells:

 Your Spells              Type           Power        Failure   Level  Hunger
a - Freeze                Ice            ####         1%          1    None
b - Frozen Ramparts       Ice            ####..       1%          3    ##.....
c - Ozocubu's Armour      Chrm/Ice       ###.....     4%          3    ##.....
d - Hailstorm             Conj/Ice       ####....     10%         4    ####...
e - Summon Ice Beast      Ice/Summ       ###.....     13%         4    ####...
f - Magic Dart            Conj           ###.         2%          1    None
g - Searing Ray           Conj           ###...       3%          2    None

Your spell library contained the following spells:

 Spells                   Type           Power        Failure   Level  Hunger
 Dazzling Flash           Conj/Hex       ##....       19%         3    ##.....
 Fulminant Prism          Conj/Hex       ##........   52%         4    ####...
 Iskenderun's Mystic Bla  Conj/Tloc      ##......     52%         4    ####...


Dungeon Overview and Level Annotations

Branches:
Dungeon (12/15)            Temple (1/1) D:6            Lair (0/6) D:10
    Orc (0/2) D:11

Altars:
Ashenzari
Cheibriados
Dithmenos
Elyvilon
Fedhas
Gozag
Hepliaklqana
Kikubaaqudgha
Makhleb
Nemelex Xobeh
Okawaru
Qazlal
Ru
Sif Muna
Trog
Uskayaw
Vehumet
Wu Jian
Xom
Yredelemnul
Zin
The Shining One

Shops:
D:5 [   D:8 *   D:9 *

Annotations:
D:12 Rupert


Message History

The wall freezes Rupert.
Rupert closely misses you.
You barely miss Rupert.
Rupert is moderately wounded.
Casting: Freeze (safe; 1% risk of failure)
Confirm with . or Enter, or press ? or * to list all spells.
Aiming: Freeze (safe; 1% risk of failure)
Press: ? - help, Shift-Dir - straight line, f/p - Rupert
Aim: Rupert, wielding a +0 vorpal battleaxe and wearing a +0 chain mail (heavily wounded, berserk, extremely poisoned)
You freeze Rupert.
Rupert is heavily wounded.
The frozen ramparts melt away.
Rupert closely misses you.
Casting: Freeze (safe; 1% risk of failure)
Confirm with . or Enter, or press ? or * to list all spells.
The walls around you are covered in ice.
The wall freezes Rupert.
Rupert hits you with a +0 vorpal battleaxe!!
* * * LOW HITPOINT WARNING * * *
x2 The wall freezes Rupert.
Rupert hits you with a +0 vorpal battleaxe!!
You die...

########.##
#.........#
#........$###
#...........
#.........#
#.........#
#.@......#
############ #@#
#_#[#.#.#)#.
#@#####'#'#'#'#'#'
#....'............
##..###'#'#'#'#'#'
#.#8##.#.#)#.#.#.
#.###############
#####.#####
#.........###
#....<.(....#
#.........#.#


You could see Rupert (berserk, very poisoned).

Vanquished Creatures
  A two-headed ogre (D:11)
  Joseph (D:9)
  A gargoyle (D:11)
  A queen bee (D:10)
  A troll (D:9)
  Grinder (D:5)
  4 hornets
  3 slime creatures (D:10)
  5 hippogriffs
  Sigmund (D:2)
  7 yaks (D:10)
  2 wraiths (D:12)
  A hungry ghost (D:7)
  A steam dragon (D:10)
  An acid dragon (D:11)
  Duvessa (D:5)
  Edmund (D:6)
  2 water moccasins
  4 ice beasts
  3 black bears
  3 orc warriors
  3 phantoms
  6 ogres
  5 centaurs
  2 wolves (D:10)
  A big kobold (D:7)
  5 bullfrogs
  Dowan (D:5)
  A troll zombie (D:12)
  A wyvern skeleton (D:10)
  A scorpion (D:11)
  18 killer bees (D:10)
  2 electric eels (D:10)
  5 wights
  7 howler monkeys
  3 crimson imps
  A bullfrog zombie (D:9)
  A gnoll shaman (D:8)
  A quasit (D:8)
  5 human zombies (D:12)
  8 orc priests
  Crazy Yiuf (D:4)
  12 hounds
  A bullfrog skeleton (D:9)
  17 orc wizards
  Ijyb (D:4)
  3 iguanas
  5 worker ants
  An ogre zombie (D:12)
  2 hound zombies
  A mummy (D:12)
  Robin (D:2)
  A worker ant zombie (D:9)
  8 gnolls
  A howler monkey skeleton (D:8)
  13 adders
  2 oozes
  An adder zombie (D:10)
  2 worms
  An adder skeleton (D:6)
  3 dart slugs
  5 leopard geckos
  53 orcs
  7 bats
  6 giant cockroaches
  15 goblins
  12 hobgoblins
  8 jackals
  13 kobolds
  5 quokkas
  A ball python (D:3)
  4 frilled lizards
  A quokka zombie (D:7)
  9 rats
338 creatures vanquished.

Vanquished Creatures (collateral kills)
  A killer bee (D:10)
1 creature vanquished.

Grand Total: 339 creatures vanquished

Notes
Turn   | Place    | Note
-------+----------+-------------------------------------------
     0 | D:1      | Harbin the Merfolk Ice Elementalist began the quest for the
                  | Orb.
     0 | D:1      | Reached XP level 1. HP: 13/13 MP: 3/3
   160 | D:1      | Reached XP level 2. HP: 12/20 MP: 0/5
   939 | D:1      | Reached skill level 1 in Fighting
  1163 | D:1      | Reached XP level 3. HP: 26/26 MP: 6/6
  1250 | D:1      | Learned a level 3 spell: Frozen Ramparts
  1408 | D:2      | Found a sacrificial altar of Ru.
  1503 | D:2      | Reached XP level 4. HP: 31/32 MP: 2/7
  1591 | D:2      | Noticed Sigmund
  1780 | D:2      | Learned a level 3 spell: Ozocubu's Armour
  1780 | D:2      | Noticed Robin
  1784 | D:2      | Killed Robin
  1787 | D:2      | Reached XP level 5. HP: 33/38 MP: 1/8
  1792 | D:2      | Reached skill level 5 in Ice Magic
  1944 | D:2      | Killed Sigmund
  1944 | D:2      | Reached skill level 1 in Short Blades
  1944 | D:2      | Reached XP level 6. HP: 46/46 MP: 0/10
  1967 | D:2      | Learned a level 4 spell: Hailstorm
  3064 | D:4      | Noticed a phantom
  3121 | D:4      | Reached XP level 7. HP: 51/51 MP: 11/11
  3213 | D:4      | Found a shattered altar of Ashenzari.
  3329 | D:4      | Reached skill level 5 in Dodging
  3529 | D:4      | Noticed Ijyb
  3541 | D:4      | Killed Ijyb
  3965 | D:4      | Found a runed translucent door.
  3966 | D:4      | Noticed Crazy Yiuf
  3976 | D:4      | Killed Crazy Yiuf
  4289 | D:5      | Entered Level 5 of the Dungeon
  4365 | D:5      | Noticed Duvessa
  4367 | D:5      | Noticed Dowan
  4390 | D:5      | Killed Duvessa
  4390 | D:5      | Reached skill level 6 in Ice Magic
  4430 | D:5      | Killed Dowan
  4430 | D:5      | Reached skill level 5 in Stealth
  4430 | D:5      | Reached XP level 8. HP: 29/58 MP: 14/14
  4885 | D:5      | Found Cootuze's Antique Armour Shop.
  4892 | D:5      | Bought a warped helmet for 218 gold pieces
  4902 | D:5      | Identified the +2 helmet "Kushrarpha" {rPois rC+ MR+ Str+3}
                  | (You bought it in a shop on level 5 of the Dungeon)
  5176 | D:6      | Noticed Edmund
  5179 | D:6      | Noticed Grinder
  5243 | D:5      | Killed Grinder
  5243 | D:5      | Reached skill level 1 in Charms
  5371 | D:6      | Reached skill level 1 in Conjurations
  5373 | D:6      | Killed Edmund
  5495 | D:6      | Reached skill level 5 in Short Blades
  5503 | D:6      | Reached skill level 7 in Ice Magic
  5568 | D:6      | Reached XP level 9. HP: 34/65 MP: 16/16
  5586 | D:6      | Learned a level 4 spell: Summon Ice Beast
  5808 | D:6      | Found a sacrificial altar of Ru.
  6046 | D:6      | Reached skill level 5 in Spellcasting
  6046 | D:6      | Reached skill level 1 in Summonings
  6077 | D:6      | Found a staircase to the Ecumenical Temple.
  6129 | Temple   | Entered the Ecumenical Temple
  6294 | Temple   | Became a worshipper of Sif Muna the Loreminder
  6435 | D:7      | Noticed a hornet
  6440 | D:7      | Killed a hornet
  6535 | D:7      | Noticed a hornet
  6545 | D:7      | Killed a hornet
  6551 | D:7      | Reached * piety under Sif Muna
  6551 | D:7      | Reached skill level 5 in Fighting
  6590 | D:7      | Reached skill level 1 in Armour
  6590 | D:7      | Reached XP level 10. HP: 36/74 MP: 7/18
  7342 | D:8      | Reached ** piety under Sif Muna
  7430 | D:8      | Reached skill level 1 in Invocations
  7449 | D:8      | Found a sparkling altar of Nemelex Xobeh.
  7588 | D:8      | Reached skill level 8 in Ice Magic
  7611 | D:8      | Found a hide-covered altar of Uskayaw.
  7996 | D:8      | Found Ilusupresi's General Store.
  8014 | D:8      | Bought a potion of curing for 39 gold pieces
  8557 | D:9      | Found Agiyleergh's Assorted Antiques.
  8684 | D:9      | Noticed Joseph
  8707 | D:9      | Killed Joseph
  9030 | D:10     | Entered Level 10 of the Dungeon
  9184 | D:10     | Paralysed by a hornet for 3 turns
  9304 | D:10     | Found a staircase to the Lair.
  9322 | D:10     | Reached *** piety under Sif Muna
  9322 | D:10     | Reached XP level 11. HP: 56/81 MP: 20/20
 10275 | D:10     | Upgraded the game from 0.26-a0-40-gfe7b5d5a6f to
                  | 0.26-a0-43-g20b394cb32
 10331 | D:11     | Reached **** piety under Sif Muna
 10367 | D:11     | Found a staircase to the Orcish Mines.
 10413 | D:11     | Noticed a two-headed ogre
 10418 | D:11     | Killed a two-headed ogre
 10713 | D:11     | Learned a level 1 spell: Magic Dart
 10716 | D:11     | Learned a level 2 spell: Searing Ray
 10864 | D:11     | Reached skill level 9 in Ice Magic
 11447 | D:12     | Found a basalt altar of Yredelemnul.
 11518 | D:12     | Reached skill level 5 in Conjurations
 11556 | D:12     | Noticed Rupert
 11569 | D:12     | Mangled by Rupert

Illustrated notes

Levels and vault maps discovered:
D:1:      onia_arrival_mini_spirals, layout_basic
D:2:      layout_basic, hangedman_ru_absence, uniq_robin, uniq_sigmund
D:3:      layout_basic, first_ration, serial_glass, glass_columns_a,
          glass_columns_a, minmay_joined_circles
D:4:      layout_basic, ashenzari_altar_1, chequers_big_river, uniq_ijyb,
          uniq_crazy_yiuf_cottage
D:5:      layout_cave_pools, serial_shops, nicolae_shop_stone, uniq_duvessa
D:6:      layout_rooms, lemuel_doored_altar, minmay_temple_entry_water_ring,
          uniq_edmund, uniq_grinder
D:7:      layout_rooms
D:8:      layout_basic, nicolae_overflow_crystal_walls, lemuel_round_altar,
          serial_shops, nicolae_shop_window_shopping
D:9:      layout_rooms, serial_shops, shop, uniq_joseph
D:10:     layout_cave_pools, erik_lair_island, special_room [special_room_bee]
D:11:     layout_irregular_city, david_orc_3, grunt_ogre_cave,
          hangedman_abyss_or_decor_lesser_grid
D:12:     layout_roguey, lemuel_mausoleum_altar_yredelemnul, uniq_rupert
Temple:   regret_index_temple_mists

Skill      XL: |  1  2  3  4  5  6  7  8  9 10 11 |
---------------+----------------------------------+-----
Dodging        | 3 4 5 6 8 |  8.2
Fighting       | 1 2 3 4 5 6 7 |  7.0
Stealth        | 3 4 5 6 7 |  7.0
Ice Magic      | 5 6 7 8 9 |  9.1
Short Blades   | 1 2 3 5 6 7 |  7.6
Spellcasting   | 3 4 5 6 |  6.8
Charms         | 2 3 |  3.6
Conjurations   | 1 3 4 5 |  5.0
Summonings     | 3 |  3.5
Armour         | 1 2 3 |  3.0
Invocations    | 2 4 |  4.3

Action                   |  1- 3 |  4- 6 |  7- 9 | 10-12 || total
-------------------------+-------+-------+-------+-------++-------
Melee: Unarmed           |     8 |       |       |       ||     8
       Club              |     5 |       |       |       ||     5
       Mace              |     9 |       |       |       ||     9
       Dagger            |    43 |    68 |   292 |   405 ||   808
 Cast: Freeze            |    12 |    12 |    40 |   105 ||   169
       Frozen Ramparts   |     3 |    11 |    31 |    26 ||    71
       Ozocubu's Armour  |       |     1 |     6 |    15 ||    22
       Hailstorm         |       |       |     4 |     2 ||     6
       Summon Ice Beast  |       |       |       |     2 ||     2
       Magic Dart        |       |       |       |    10 ||    10
  Use: Scroll            |     3 |     7 |     4 |     8 ||    22
       Potion            |     1 |       |     1 |     1 ||     3
 Stab: Sleeping          |     2 |     4 |     4 |    12 ||    22
  Eat: Chunk             |     2 |     7 |     7 |    15 ||    31
       Ration            |       |       |     3 |     2 ||     5
Armor: Robe              |    15 |       |       |       ||    15
       Leather armour    |     2 |    14 |    55 |    41 ||   112
       Troll leather arm |       |       |       |    90 ||    90
Dodge: Dodged            |    58 |    42 |   191 |   407 ||   698

Table legend:
 A = Non-vault XP
 B = Vault XP
 C = Vault XP percentage of total XP
 D = Non-vault monster count
 E = Vault monster count
 F = Vault count percentage of total count
                 A         B        C        D         E       F
            +---------+---------+-------+---------+---------+-------
      Total |   12269 |    5368 |  30.4 |     256 |      83 |  24.5
            +---------+---------+-------+---------+---------+-------
        D:1 |      38 |       0 |   0.0 |      22 |       0 |   0.0
        D:2 |     110 |     264 |  70.6 |      22 |      13 |  37.1
        D:3 |     118 |      51 |  30.2 |      25 |      13 |  34.2
        D:4 |     271 |      76 |  21.9 |      12 |       2 |  14.3
        D:5 |     284 |     520 |  64.7 |      11 |       3 |  21.4
        D:6 |    1028 |     149 |  12.7 |      31 |       1 |   3.1
        D:7 |    2198 |       0 |   0.0 |      45 |       0 |   0.0
        D:8 |    1134 |       0 |   0.0 |      20 |       0 |   0.0
        D:9 |    1591 |    1021 |  39.1 |      19 |       6 |  24.0
       D:10 |    3180 |    1795 |  36.1 |      20 |      24 |  54.5
       D:11 |    2317 |     622 |  21.2 |      29 |       9 |  23.7
       D:12 |       0 |     870 | 100.0 |       0 |      12 | 100.0
            +---------+---------+-------+---------+---------+-------
